 Dungeon Crawl Stone Soup version 0.24.0-125-gc4c63601f3 (webtiles) character file.

Game seed: 4034540337065599041, levelgen mode: deterministic

78 Frank2 the Cudgeler (level 4, 0/33 HPs)
             Began as a Demonspawn Gladiator on Mar 5, 2020.
             Slain by Natasha (8 damage)
             ... on level 3 of the Dungeon.
             The game lasted 00:02:09 (1651 turns).

Frank2 the Cudgeler (Demonspawn Gladiator)          Turns: 1651, Time: 00:02:09

Health: 0/33       AC:  8    Str: 14    XL:     4   Next: 15%
Magic:  0/1        EV: 12    Int: 10    God:
Gold:   21         SH:  0    Dex: 15    Spells: 3/3 levels left

rFire    . . .     SeeInvis .   e - +1 whip (antimagic)
rCold    . . .     Gourm    .   (no shield)
rNeg     . . .     Faith    .   l - +0 ring mail
rPois    .         Spirit   +   c - +0 helmet
rElec    .         Reflect  .   (no cloak)
rCorr    .         Harm     .   (no gloves)
MR       .....                  b - +1 pair of boots
Stlth    +.........             (no amulet)
HPRegen  0.11/turn              (no ring)
MPRegen  0.07/turn              (no ring)

@: no status effects
A: talons 1, magic shield
a: no special abilities


You were on level 3 of the Dungeon.
You were hungry.

You visited 1 branch of the dungeon, and saw 3 of its levels.

You collected 21 gold pieces.

Inventory:

Hand Weapons
 a - a +0 flail
 e - a +1 antimagic whip (weapon)
Missiles
 d - 5 throwing nets (quivered)
Armour
 b - a +1 pair of boots (worn)
 c - a +0 helmet (worn)
 l - a +0 ring mail (worn)
Scrolls
 g - 2 scrolls of identify
 n - 2 scrolls of remove curse
Potions
 h - 4 potions of curing
 i - a potion of flight {unknown}
 j - a potion of heal wounds {unknown}
Comestibles
 f - 4 rations


   Skills:
 + Level 2.2 Fighting
 + Level 3.5 Maces & Flails
 - Level 1.7 Throwing
 + Level 1.1 Armour
 + Level 3.4 Dodging


You had 3 spell levels left.
You didn't know any spells.
Your spell library was empty.

Dungeon Overview and Level Annotations

Branches:
Dungeon (3/15)

Altars:
Kikubaaqudgha
Nemelex Xobeh
Okawaru

Annotations:
D:3 Natasha


Innate Abilities, Weirdness & Mutations

You have sharp toenails.
When hurt, damage is shared between your health and your magic reserves.


Message History

Natasha casts a spell.
You are feeling hungry.
You hit the hobgoblin.
The hobgoblin is moderately wounded.
The hobgoblin closely misses you.
You closely miss the hobgoblin.
The hobgoblin is moderately wounded.
The hobgoblin hits you.
You hit the hobgoblin.
You kill the hobgoblin!
You miss Natasha. Natasha completely misses you.
You hit Natasha but do no damage. Natasha claws you.
You hit Natasha but do no damage. Natasha claws you.
* * * LOW HITPOINT WARNING * * *
You hit Natasha.
Natasha's magic leaks into the air.
Natasha is lightly wounded.
You whack Natasha!
Natasha's magic leaks into the air.
Natasha is severely wounded.
Natasha claws you!
You die...

#...#†......#.......#####.#
#'##††......+.............#
...#........#.............+
...#...........)..........#
...#......................+
...#.........#............#
...#.........#............#
...#.........###+###......#
...#.........# #@# #......#
...#.........# #h# #......#
#####...# #g#####._###
#gg......# #####.....##
#[.g......# ###h##......#
#...##......# #.h.........#


You could see Natasha, 2 hobgoblins and a goblin.

Vanquished Creatures
  An adder (D:2)
  A gnoll (D:2)
  An ooze (D:2)
  A worm (D:3)
  2 dart slugs
  A leopard gecko (D:1)
  3 orcs
  3 giant cockroaches
  6 goblins
  5 hobgoblins
  A ball python (D:2)
  3 bats
  3 frilled lizards (D:2)
  6 kobolds
  6 rats
43 creatures vanquished.

Notes
Turn   | Place    | Note
-------+----------+-------------------------------------------
     0 | D:1      | Frank2 the Demonspawn Gladiator began the quest for the
                  | Orb.
     0 | D:1      | Reached XP level 1. HP: 16/16 MP: 1/1
   233 | D:1      | Gained mutation: You have sharp toenails. [demonic
                  | ancestry]
   233 | D:1      | Reached XP level 2. HP: 17/22 MP: 0/2
   774 | D:2      | Found a sparkling altar of Nemelex Xobeh.
   976 | D:2      | Reached XP level 3. HP: 27/27 MP: 1/3
  1122 | D:2      | Found an iron altar of Okawaru.
  1534 | D:3      | Gained mutation: When hurt, damage is shared between your
                  | health and your magic reserves. [demonic ancestry]
  1534 | D:3      | Reached XP level 4. HP: 32/33 MP: 1/4
  1550 | D:3      | Reached skill level 1 in Armour
  1599 | D:3      | Found an ancient bone altar of Kikubaaqudgha.
  1631 | D:3      | Noticed Natasha
  1651 | D:3      | Slain by Natasha

Levels and vault maps discovered:
D:1:      lightli_arrival_lavapool, layout_loops_ring, bh_walls_and_bars
D:2:      layout_basic, nicolae_overflow_crystal_walls, serial_rivers,
          chequers_serial_rivers_room_b, chequers_serial_rivers_micro_b,
          chequers_serial_rivers_micro_c, chequers_serial_rivers_micro_c,
          first_ration, okawaru_altar_gauntlet_db
D:3:      layout_basic, lemuel_round_altar, overflow_temple_1_default,
          nicolae_overflow_hidden_temple, overflow_temple_1_default,
          uniq_natasha, uniq_robin

Skill      XL: |  1  2  3  4 |
---------------+-------------+-----
Dodging        | 3 |  3.4
Maces & Flails | 3 |  3.5
Armour         | 1 |  1.1
Fighting       | |  2.2
Throwing       | |  1.7

Action                   |  1- 3 |  4- 6 || total
-------------------------+-------+-------++-------
Melee: Flail             |    14 |       ||    14
       Whip              |   106 |    52 ||   158
       Kick              |     4 |       ||     4
  Use: Scroll            |     4 |       ||     4
  Eat: Chunk             |     2 |       ||     2
Armor: Leather armour    |     5 |       ||     5
       Ring mail         |    32 |    12 ||    44
Dodge: Dodged            |    95 |    23 ||   118
